 Dungeon Crawl Stone Soup version 0.20.1-1-g8b1a95d (webtiles) character file.

66 raph the Slasher (level 3, -4/34 HPs)
             Began as a Minotaur Monk on Dec 29, 2017.
             Killed from afar by Natasha (9 damage)
             ... with a magic dart
             ... on level 2 of the Dungeon.
             The game lasted 00:03:00 (1150 turns).

raph the Slasher (Minotaur Monk)                    Turns: 1150, Time: 00:03:01

Health: -4/34      AC:  8    Str: 18    XL:     3   Next: 96%
Magic:  2/2        EV:  8    Int:  7    God:
Gold:   50         SH:  0    Dex: 13    Spells: 2/2 levels left

rFire    . . .     SeeInvis .   a - +0 falchion
rCold    . . .     Gourm    .   (no shield)
rNeg     . . .     Faith    .   q - +0 chain mail
rPois    .         Spirit   .   (helmet restricted)
rElec    .         Reflect  .   (no cloak)
rCorr    .         Harm     .   (no gloves)
MR       .....                  (no boots)
Stlth    ..........             (no amulet)
Regen    0.2/turn               p - +3 ring of strength
MPRegen  0.1/turn               (no ring)

@: slowed, very slow
A: retaliatory headbutt, horns 2
a: no special abilities


You were on level 2 of the Dungeon.
You were not hungry.

You visited 1 branch of the dungeon, and saw 2 of its levels.

You collected 50 gold pieces.

Inventory:

Hand Weapons
 a - a +0 falchion (weapon)
Missiles
 e - 43 stones
 k - 2 steel tomahawks (quivered)
Armour
 b - a +0 robe
 h - a +0 leather armour
 q - a +0 chain mail (worn)
Jewellery
 p - a +3 ring of strength (left hand)
Scrolls
 d - a scroll of teleportation {unknown}
 g - a scroll of enchant armour {unknown}
 i - a scroll of remove curse {unknown}
 m - a scroll of identify {unknown}
 n - 2 scrolls of blinking {unknown}
Potions
 f - a potion of cancellation {unknown}
 l - a potion of degeneration {unknown}
 o - a potion of curing {unknown}
Comestibles
 c - a bread ration
 j - 4 chunks of flesh


   Skills:
 + Level 4.4 Fighting
 * Level 4.5 Long Blades
 + Level 0.8 Armour
 + Level 4.0 Dodging
 - Level 1.5 Stealth


You had 2 spell levels left.
You didn't know any spells.

Dungeon Overview and Level Annotations

Branches:
Dungeon (2/15)

Altars:
Cheibriados
Uskayaw
Xom

Annotations:
D:2 Natasha


Innate Abilities, Weirdness & Mutations

You reflexively headbutt those who attack you in melee.
You have a pair of horns on your head.


Message History

You kill the frilled lizard!
You closely miss Natasha. You headbutt Natasha.
Natasha is heavily wounded.
The white imp hits you. The white imp freezes you. Natasha closely misses you.
Natasha claws you.
* * * LOW HITPOINT WARNING * * *
The white imp shouts, "Get thee hence, thou peeagling motley-minded blabberskite!"
The white imp hits you but does no damage.
Natasha closely misses you.
You see here a frilled lizard corpse.
You barely miss Natasha. Your headbutt misses Natasha.
Natasha is heavily wounded.
Natasha stares at you and mumbles some strange words.
You resist with significant effort. The crimson imp barely misses you.
You furiously retaliate!
You headbutt the crimson imp. You hit Natasha.
Natasha is severely wounded.
Natasha casts a spell at you. The magic dart hits you!
You die...

#.# #.....#
##)#######.....### ###
#..........5......$...
...............##.....
#....#...h........##..
##.#.#.###..........§.
##.....# #.....#####.#
####.#.# ###.#####
####.#.# #.#5h@##
.[...#.# #...5†.#
######.# #...........
# #.# #......?##..#
##### #..#........#
...... #.###.##### ..
#####. #. #.# # #. #.#
.. .#


You could see Natasha, a crimson imp and a white imp.

Vanquished Creatures
  Natasha (D:2)
  A worm (D:1)
  A dart slug (D:1)
  2 leopard geckos
  A ball python (D:2)
  3 giant cockroaches (D:1)
  2 goblins
  5 hobgoblins
  6 kobolds
  2 bats (D:1)
  5 frilled lizards
  3 rats (D:1)
32 creatures vanquished.

Notes
Turn   | Place    | Note
-------+----------+-------------------------------------------
     0 | D:1      | raph the Minotaur Monk began the quest for the Orb.
     0 | D:1      | Reached XP level 1. HP: 19/19 MP: 0/0
   250 | D:1      | Reached XP level 2. HP: 19/27 MP: 1/1
   333 | D:1      | potioin
   682 | D:1      | Reached XP level 3. HP: 33/33 MP: 2/2
   896 | D:2      | Found a shimmering altar of Xom.
   896 | D:2      | Found a hide-covered altar of Uskayaw.
   897 | D:2      | Found a snail-covered altar of Cheibriados.
   997 | D:2      | Noticed Natasha
  1012 | D:2      | Killed Natasha
  1135 | D:2      | Noticed Natasha
  1150 | D:2      | Killed from afar by Natasha

Skill      XL: |  1  2  3 |
---------------+----------+-----
Fighting       | 4 |  4.4
Long Blades    | 4 |  4.5
Dodging        | 4 |  4.0
Armour         | |  0.8
Stealth        | |  1.5

Action                   || total
-------------------------++-------
Melee: Falchion          ||    80
       Headbutt          ||    16
 Stab: Distracted        ||     1
  Eat: Chunk             ||     1
Armor: Robe              ||     3
       Leather armour    ||     5
       Chain mail        ||    30
Dodge: Dodged            ||    48
       Rpst.: Falchion   ||    12
